AoeStats
← orteguitafc

Arena

508968599Analyzed
4v4 RM · 6d ago on Sep 24, 2026· 42m 32s· 8 players
Game mode
Random Map
Map size
Large (8 player)
Population
200
Speed
Normal
Resources
Standard
Victory
Conquest
Starting age
Dark Age
Ending age
Imperial Age
RankedLock teamsTeams togetherTeam positionsShared explorationLock speedFull tech treeHidden civsTurbo modeCheats
Victory
Defeat
🇦🇷 Byzantines · Argentina
799
+13
🇦🇷 Britons · Argentina
779
+14
🇦🇷 Koreans · Argentina
775
+14
🇦🇷 Franks · Argentina
756
+15
🇹🇷 Persians · Türkiye
756
-15
🇹🇷 Goths · Türkiye
752
-15
🇨🇱 Romans · Chile
719
-13
🇦🇷 Berbers · Argentina
703
-13
Butch
4:02 Loom
tanrikut
0:33 Loom
13:35 Feudal Age
13:55 Town Watch
14:46 Wheelbarrow
13:59 Double-Bit Axe
13:55 Horse Collar
21:06 Castle Age
19:15 Man-at-Arms
19:42 Arson
21:04 Fletching
22:03 Hand Cart
26:51 Forging
26:42 Scale Mail Armor
28:14 Gold Mining
28:14 Stone Mining
28:16 Pikeman
28:57 Squires
28:43 Gambesons
31:07 Bow Saw
30:59 Heavy Plow
30:47 Crossbowman
30:49 Elite Skirmisher
35:27 Imperial Age
33:32 Ballistics
33:23 Masonry
34:09 Caravan
34:39 Coinage
34:48 Chain Mail Armor
34:44 Kamandaran
34:48 Padded Archer Armor
35:10 Thumb Ring
35:54 Gold Shaft Mining
35:09 Stone Mining
35:27 Bodkin Arrow
36:29 Crop Rotation
37:02 Two-Man Saw
37:18 Plate Mail Armor
37:03 Leather Archer Armor
37:15 Citadels
37:26 Conscription
38:11 Chemistry
38:52 Long Swordsman
40:33 Iron Casting
40:13 Scale Barding Armor
40:39 Ring Archer Armor
41:13 Architecture
41:08 Halberdier
43:04 Banking
42:44 Guilds
orteguitafc
3:28 Loom
10:49 Feudal Age
11:22 Double-Bit Axe
20:43 Castle Age
19:36 Bloodlines
24:46 Murder Holes
39:14 Imperial Age
37:29 Pikeman
38:01 Town Watch
38:52 Wheelbarrow
38:58 Husbandry
38:20 Light Cavalry
39:12 Padded Archer Armor
39:02 Fletching
39:16 Heavy Camel Rider
fahrimenzi
0:37 Loom
11:47 Feudal Age
13:05 Wheelbarrow
18:11 Horse Collar
18:22 Double-Bit Axe
23:31 Castle Age
25:00 Hand Cart
27:06 Bow Saw
30:21 Forging
30:12 Scale Mail Armor
29:51 Pikeman
30:32 Squires
31:03 Heavy Plow
32:52 Iron Casting
38:11 Imperial Age
36:52 Anarchy
37:18 Chain Mail Armor
40:04 Blast Furnace
38:30 Halberdier
39:13 Perfusion
39:37 Conscription
40:20 Elite Huskarl
41:06 Stone Mining
41:09 Gold Mining
pazoz07
11:00 Feudal Age
13:39 Wheelbarrow
13:45 Double-Bit Axe
20:03 Castle Age
18:23 Scale Barding Armor
19:33 Gold Mining
20:22 Scale Mail Armor
20:33 Forging
21:44 Bow Saw
22:26 Bow Saw
24:01 Husbandry
29:20 Gold Shaft Mining
30:32 Stone Mining
36:28 Imperial Age
34:27 Hand Cart
35:49 Chain Barding Armor
36:57 Cavalier
39:25 Paladin
Marianef5340
9:59 Feudal Age
16:38 Castle Age
16:47 Crossbowman
17:23 Fletching
23:37 Horse Collar
24:59 Gold Mining
29:04 Double-Bit Axe
30:07 Wheelbarrow
33:52 Imperial Age
32:51 Heavy Plow
33:30 Bodkin Arrow
35:12 Ballistics
34:57 Bracer
36:29 Chemistry
37:46 Siege Engineers
37:53 Heavy Rocket Cart
Snoopy Comunista
12:18 Feudal Age
19:53 Castle Age
20:03 Crossbowman
22:29 Fletching
22:40 Padded Archer Armor
25:33 Ballistics
27:20 Bodkin Arrow
42:10 Imperial Age
Matrox983928
13:44 Feudal Age
12:00 Loom
20:53 Castle Age
19:19 Double-Bit Axe
19:34 Gold Mining
26:13 Imperial Age
24:23 Gold Shaft Mining
24:09 Bow Saw
28:01 Chemistry
31:13 Logistica
32:35 Wheelbarrow
33:52 Scale Barding Armor
38:54 Chain Barding Armor
Connection lost

Rejoining the realm…

Still unreachable

The connection could not be restored.

Session expired

The server has moved on; the page needs a fresh start.